 Dungeon Crawl Stone Soup version 0.25.0-15-gac7dcb8919 (webtiles) character file.

Game seed: 3577364157730279672

98 Peloso the Skirmisher (level 4, -1/35 HPs)
             Began as a Demonspawn Fighter on June 29, 2020.
             Slain by a hobgoblin (2 damage)
             ... led by Robin
             ... on level 2 of the Dungeon.
             The game lasted 00:02:20 (931 turns).

Peloso the Skirmisher (Demonspawn Fighter)           Turns: 931, Time: 00:02:21

Health: -1/35      AC: 10    Str: 18    XL:     4   Next: 44%
Magic:  4/4        EV:  7    Int:  9    God:
Gold:   55         SH:  9    Dex: 12    Spells: 3/3 levels left

rFire    + . .     SeeInvis +   a - +0 long sword
rCold    . . .     Gourm    .   c - +0 kite shield
rNeg     . . .     Faith    .   b - +0 scale mail
rPois    .         Spirit   .   i - +2 helmet {SInv}
rElec    .         Reflect  .   (no cloak)
rCorr    .         Harm     .   (no gloves)
MR       .....                  (no boots)
Stlth    +.........             (no amulet)
HPRegen  0.11/turn              (no ring)
MPRegen  0.09/turn              (no ring)

@: no status effects
A: fire resistance 1, nightstalker 1
a: no special abilities


You were on level 2 of the Dungeon.
You were not hungry.

You visited 1 branch of the dungeon, and saw 2 of its levels.

You collected 55 gold pieces.

Inventory:

Hand Weapons
 a - a +0 long sword (weapon)
Armour
 b - a +0 scale mail (worn)
 c - a +0 kite shield (worn)
 i - a +2 helmet of see invisible (worn)
Scrolls
 e - a scroll of random uselessness {unknown}
Potions
 d - a potion of might
Comestibles
 f - 4 rations


   Skills:
 + Level 3.5 Fighting
 + Level 2.8 Long Blades
 + Level 3.2 Armour
 + Level 0.3 Dodging
 + Level 3.2 Shields


You had 3 spell levels left.
You didn't know any spells.
Your spell library was empty.

Dungeon Overview and Level Annotations

Branches:
Dungeon (2/15)

Altars:

Annotations:
D:2 Robin


Innate Abilities, Weirdness & Mutations

Your flesh is heat resistant. (rF+)
You are slightly more attuned to the shadows.


Message History

You block the hobgoblin's attack. You block the goblin's attack.
The goblin closely misses you.
You riposte.
You slash the goblin!
You kill the goblin!
The hobgoblin hits you but does no damage.
The goblin hits you but does no damage.
You miss the goblin.
The goblin is severely wounded.
The goblin closely misses you.
You riposte.
You barely miss the goblin.
The hobgoblin hits you but does no damage.
The goblin hits you but does no damage.
Unknown command.
You hit the goblin.
You kill the goblin!
The goblin hits you but does no damage. You block the hobgoblin's attack.
You closely miss the goblin. You block the goblin's attack.
The goblin barely misses you. The hobgoblin hits you.
* * * LOW HITPOINT WARNING * * *
You block the goblin's attack. The goblin closely misses you.
The hobgoblin hits you.
You die... g.g

.. .g. .#
#g####l#####
...######g##...>....
#......#g##........
#.#g##<.......
#†#g##........
#.gggS........
###@##........
#.##........
#.##........
............
#.#..#....##
........... ...
...#.#.


You could see Robin, an adder, a hobgoblin (strong) and 6 goblins.

Vanquished Creatures
  Jessica (D:2)
  A worker ant (D:2)
  An ooze (D:1)
  A leopard gecko (D:1)
  2 giant cockroaches (D:1)
  9 goblins
  5 hobgoblins
  2 jackals (D:2)
  4 kobolds (D:1)
  5 bats
  4 frilled lizards
  4 rats
39 creatures vanquished.

Notes
Turn   | Place    | Note
-------+----------+-------------------------------------------
     0 | D:1      | Peloso the Demonspawn Fighter began the quest for the Orb.
     0 | D:1      | Reached XP level 1. HP: 18/18 MP: 1/1
     6 | D:1      | Noticed a seven-headed hydra
     6 | D:1      | Noticed a lindwurm
     6 | D:1      | Noticed a komodo dragon
     7 | D:1      | Noticed a redback
     7 | D:1      | Noticed a polar bear
   193 | D:1      | Gained mutation: Your flesh is heat resistant. (rF+)
                  | [demonic ancestry]
   193 | D:1      | Reached XP level 2. HP: 24/24 MP: 2/2
   577 | D:1      | Reached XP level 3. HP: 27/29 MP: 3/3
   869 | D:2      | Noticed Jessica
   894 | D:2      | Killed Jessica
   894 | D:2      | Gained mutation: You are slightly more attuned to the
                  | shadows. [demonic ancestry]
   894 | D:2      | Reached XP level 4. HP: 4/35 MP: 4/4
   894 | D:2      | HP: 1/35 [rat (3)]
   907 | D:2      | Noticed Robin
   931 | D:2      | HP: 1/35 [hobgoblin[Robin] (6)]
   931 | D:2      | Slain by a hobgoblin

Illustrated notes

Levels and vault maps discovered:
D:1:      onia_arrival_zoo_common, layout_basic
D:2:      layout_rooms, chequers_ecumenical_altar_simple_redux, first_ration,
          uniq_jessica, uniq_robin

Skill      XL: |  1  2  3 |
---------------+----------+-----
Armour         | 3 |  3.2
Long Blades    | 2 |  2.8
Shields        | 3 |  3.2
Fighting       | |  3.5
Dodging        | |  0.3

Action                   |  1- 3 |  4- 6 || total
-------------------------+-------+-------++-------
Melee: Long sword        |    94 |    25 ||   119
  Use: Scroll            |     1 |       ||     1
       Potion            |       |     1 ||     1
Armor: Scale mail        |    48 |    45 ||    93
Dodge: Dodged            |    33 |    16 ||    49
Block: Kite shield       |    54 |    27 ||    81
       Rpst.: Long sword |    14 |     6 ||    20
